cohdb
Replays
Latest Replays
All Replays
Popular Replays
Top Player Replays
Match Explorer
How It Works
Community
CoH3 Stats
Reddit
Sign in to upload your games and track your stats! →
Sign in with Steam
Match 42728272
Unlisted
Match 42728272
Overview
Messages
Build Orders
End
Construct Weapon Support Center
Engineer Squad
M1919 Machine Gun Team
Bazooka Squad
Construct Barracks
Riflemen Squad
Riflemen Squad
Construct Medical Station
Infantry Support Center
Selects Advanced Infantry Battlegroup
Selects Artillery Observers
Selects Convert to Ranger Squad
Grenade Package
Advanced Logistics
Construct Motor Pool
M1918 Browning Automatic Rifles
Selects Frontline Medical Station
Selects Infantry Assault
Infantry Assault
Ranger Squad
Survival Training
Munitions Surplus
Selects M2A1 105mm Howitzer Emplacement
Infantry Assault
Selects 155mm Rapid Artillery Barrage
Ranger Squad
Construct Tank Depot
Ranger Squad
Bazooka Squad
ßoo
boi_of_war
0
0
Comments
sign in to comment!
No comments posted yet!